 Dungeon Crawl Stone Soup version 0.27-a0-1186-g8b4daa1eef (webtiles) character file.

Game seed: 5886039279536840426

898 kae the Cleaver (level 8, -6/73 HPs)
             Began as a Hill Orc Fighter on May 19, 2021.
             Mangled by an ogre
             ... wielding a +0 giant club
              (10 damage)
             ... on level 5 of the Dungeon.
             The game lasted 00:03:12 (5254 turns).

kae the Cleaver (Hill Orc Fighter)                  Turns: 5254, Time: 00:03:12

Health: -6/73      AC:  9    Str: 21    XL:     8   Next: 7%
Magic:  8/8        EV:  7    Int: 14    God:
Gold:   183        SH: 11    Dex: 10    Spells: 7/7 levels left

rFire    . . .     SeeInvis .   a - +0 war axe
rCold    . . .     Faith    .   g - +2 kite shield
rNeg     . . .     Spirit   .   m - +0 scale mail
rPois    .         Reflect  .   (no helmet)
rElec    .         Harm     .   s - +1 cloak
rCorr    .         Rampage  .   (no gloves)
Will     +....                  (no boots)
Stlth    ..........             (no amulet)
HPRegen  0.22/turn              k - ring of willpower
MPRegen  0.11/turn              e - +6 ring of intelligence

@: no status effects
A: no striking features
a: no special abilities


You were on level 5 of the Dungeon.
You visited 1 branch of the dungeon, and saw 5 of its levels.

You collected 183 gold pieces.

Inventory:

Hand Weapons
 a - a +0 war axe (weapon)
 b - a +1 hand axe of flaming
Armour
 g - a +2 kite shield (worn)
 m - a +0 scale mail (worn)
 s - a +1 cloak (worn)
Jewellery
 e - a +6 ring of intelligence (right hand)
 k - a ring of willpower (left hand)
 l - a ring of fire
 p - the ring "Vunif" {rC+ Int+2 SInv}
   (You took it off Ijyb on level 5 of the Dungeon)

   [ring of see invisible]

   It affects your intelligence (+2).
   It protects you from cold.
   It lets you see invisible.
Wands
 n - a wand of iceblast (2)
 q - a wand of acid (10)
Scrolls
 c - a scroll of enchant armour
 j - 2 scrolls of teleportation
 r - 2 scrolls of holy word
Potions
 d - a potion of might
 f - a potion of haste
 h - 2 potions of flight {unknown}
 i - 5 potions of curing
 o - a potion of resistance


   Skills:
 + Level 7.1 Fighting
 * Level 9.9 Axes
 - Level 3.2 Armour
 - Level 3.2 Shields


You had 7 spell levels left.
You didn't know any spells.
Your spell library was empty.

Dungeon Overview and Level Annotations

Branches:
Dungeon (5/15)
 Temple: D:4-7

Altars:

Shops:
D:5 !


Message History

You block the ogre's attack.
Your shield prevents you from hitting the ogre.
The ogre is almost dead.
You hit the hound but do no damage. You block the hound's attack.
You hit the ogre.
The ogre is almost dead.
You hit the hound but do no damage.
The hound stops to sniff the ground.
You block the hound's attack.
The ogre hits you with a +0 giant club!!
The hound bites you but does no damage.
You are too injured to fight recklessly!
You are too injured to fight recklessly!
You are too injured to fight recklessly!
You are too injured to fight recklessly!
You are too injured to fight recklessly!
Your shield prevents you from hitting the ogre.
The ogre is almost dead.
You barely miss the hound. You block the hound's attack.
The ogre closely misses you. The hound closely misses you.
You barely miss the ogre.
The ogre is almost dead.
You barely miss the hound. The hound barely misses you.
You block the ogre's attack. The hound bites you but does no damage.
You barely miss the ogre.
The ogre is almost dead.
You closely miss the hound. You block the hound's attack.
The ogre hits you with a +0 giant club! The hound barely misses you.
You hit the ogre.
The ogre is almost dead.
You hit the hound. The hound bites you.
The ogre hits you with a +0 giant club!!
* * * LOW HITPOINT WARNING * * *
You block the hound's attack.
Okay, then.
You completely miss the ogre.
The ogre is almost dead.
You closely miss the hound. The hound closely misses you.
The ogre hits you with a +0 giant club!
You die...

....# ............#
#######.....#
≈≈≈#.....#
..≈#..8..#
♣.≈###..##
♣.≈###∩.###..#
♣.≈#.........#
...♣♣♣♣h≈#..<......#
......O@≈#.........#
$........'.#8####..#
!........'......####
........≈#+.....#
...♣♣♣♣.≈# .....# ..
♣.≈##.....# . ♣.≈#
.....# ♣.≈# ...###
..≈# ...#


You could see an ogre and a hound.

Vanquished Creatures
  Grinder (D:5)
  An ogre (D:5)
  A necrophage (D:5)
  A scorpion (D:5)
  A gnoll shaman (D:4)
  2 jellies (D:5)
  An orc priest (D:4)
  Terence (D:2)
  An iguana (D:5)
  Ijyb (D:5)
  Natasha (thrice) (D:3)
  A hound skeleton (D:5)
  5 gnolls
  2 adders
  2 white imps
  An adder skeleton (D:4)
  2 dart slugs (D:1)
  7 orcs
  10 ball pythons
  7 bats
  8 endoplasms
  6 giant cockroaches
  5 hobgoblins
  14 jackals
  2 kobolds
  3 quokkas (D:1)
  5 frilled lizards
  3 goblins
  3 rats
100 creatures vanquished.

Vanquished Creatures (others)
  8 withered plants (D:3)
8 creatures vanquished.

Grand Total: 108 creatures vanquished

Notes
Turn   | Place    | Note
-------+----------+-------------------------------------------
     0 | D:1      | kae the Hill Orc Fighter began the quest for the Orb.
     0 | D:1      | Reached XP level 1. HP: 19/19 MP: 1/1
    16 | D:1      | Reached skill level 3 in Axes
   107 | D:1      | Reached XP level 2. HP: 27/27 MP: 2/2
   407 | D:1      | Reached skill level 4 in Axes
   418 | D:1      | Reached XP level 3. HP: 32/33 MP: 3/3
  1308 | D:2      | Noticed Terence
  1330 | D:2      | Killed Terence
  1331 | D:2      | Reached skill level 5 in Axes
  1331 | D:2      | Reached XP level 4. HP: 4/41 MP: 4/4
  2013 | D:3      | Found a faded altar of an unknown god.
  2308 | D:3      | Noticed Natasha
  2313 | D:3      | Killed Natasha
  2314 | D:3      | Reached XP level 5. HP: 45/47 MP: 5/5
  2508 | D:3      | Noticed Natasha
  2517 | D:3      | Killed Natasha
  2518 | D:3      | Reached skill level 5 in Fighting
  2518 | D:3      | Reached skill level 6 in Axes
  2791 | D:3      | Noticed Natasha
  2799 | D:3      | Killed Natasha
  3096 | D:4      | Identified the +11 flail "Aheiwk" {chaos, Drain rN+ Will+++
                  | SInv}
  3550 | D:4      | Reached XP level 6. HP: 41/56 MP: 6/6
  3729 | D:4      | Reached skill level 7 in Axes
  4001 | D:5      | Entered Level 5 of the Dungeon
  4001 | D:5      | Noticed Grinder
  4013 | D:5      | Killed Grinder
  4014 | D:5      | Reached skill level 8 in Axes
  4014 | D:5      | Reached XP level 7. HP: 42/63 MP: 7/7
  4070 | D:5      | Noticed Ijyb
  4301 | D:5      | Reached skill level 9 in Axes
  4595 | D:5      | Identified the ring "Vunif" {rC+ Int+2 SInv}
  4615 | D:5      | Killed Ijyb
  4919 | D:4      | Reached XP level 8. HP: 33/73 MP: 8/8
  5225 | D:5      | Found Aseor's Distillery.
  5254 | D:5      | Mangled by an ogre

Illustrated notes

Levels and vault maps discovered:
D:1:      moated_graveyard_arrival, layout_basic, minmay_misc_feat_ornament,
          minmay_misc_feat_columns, st_stairs_8, chequers_serial_rivers_room_b,
          minmay_pentomino_u2
D:2:      layout_rooms, minmay_3d_cube, uniq_terence
D:3:      minmay_evil_eye, layout_loops_cross,
          ebering_ecumenical_altar_petrified, uniq_natasha
D:4:      layout_loops_corners
D:5:      layout_gridville, gammafunk_temple_overflow_pools, serial_shops,
          shop_statue, kennysheep_dice, uniq_grinder, uniq_ijyb

Skill      XL: |  1  2  3  4  5  6  7 |
---------------+----------------------+-----
Axes           | 3 4 5 6 8 9 |  9.9
Fighting       | 4 5 6 7 |  7.1
Armour         | |  3.2
Shields        | |  3.2

Action                   |  1- 3 |  4- 6 |  7- 9 || total
-------------------------+-------+-------+-------++-------
Melee: War axe           |   103 |   137 |    82 ||   322
Evoke: Wand              |       |     4 |     2 ||     6
  Use: Scroll            |     7 |     5 |       ||    12
Armor: Scale mail        |    48 |    58 |    23 ||   129
Dodge: Dodged            |    35 |    38 |    28 ||   101
Block: Kite shield       |    49 |    58 |    51 ||   158

Table legend: (Time is in decaauts)
 A = Elapsed time spent in this place.
 B = Non-inter-level travel time spent in this place.
 C = Inter-level travel time spent in this place.
 D = Time resting spent in this place.
 E = Time spent auto-exploring this place.
 F = Levels seen in this place.
 G = Mean time per level.
                   A        B        C        D        E       F      G
               +--------+--------+--------+--------+--------+-----+--------+
         Total |   5404 |   5230 |    174 |    935 |   3435 |   5 | 1080.8 |
       Dungeon |   5404 |   5230 |    174 |    935 |   3435 |   5 | 1080.8 |
               +--------+--------+--------+--------+--------+-----+--------+

Top non-repeatable levels by time:
     D:4: 1329 daAuts
     D:3: 1221 daAuts
     D:1: 1012 daAuts
     D:2: 940 daAuts
     D:5: 900 daAuts
